 Dungeon Sprint DCSS version 0.21-a0-401-g0b6bec4 (webtiles) character file.

437 Ordine the Blocker (level 7, -2/44 HPs)
             Began as a Gargoyle Fighter on Oct 23, 2017.
             Was an Initiate of Okawaru.
             Slain by a deep troll (3 damage)
             ... in the Dungeon (Sprint I: "Red Sonja").
             The game lasted 00:03:18 (745 turns).

Ordine the Blocker (Gargoyle Fighter)                Turns: 745, Time: 00:03:18

Health: -2/44      AC: 11    Str: 22    XL:     7   Next: 1%
Magic:  7/7        EV: 10    Int:  8    God:    Okawaru [......]
Gold:   327        SH: 12    Dex:  9    Spells: 6/6 levels left

rFire    . . .     SeeInvis .   a - +0 flail
rCold    . . .     Gourm    .   c - +0 shield
rNeg     + . .     Faith    .   l - +3 leather armour
rPois    ∞         Spirit   .   (no helmet)
rElec    +         Reflect  .   (no cloak)
rCorr    .         Harm     .   (no gloves)
MR       .....     NoTele   +   (no boots)
Stlth    +.........             (no amulet)
HPRegen  0.14/turn              (no ring)
MPRegen  0.10/turn              (no ring)

@: no status effects
A: negative energy resistance 1, electricity resistance, unbreathing,
petrification resistance, rot immunity, AC +4
a: Renounce Religion


You were in the Dungeon.
You worshipped Okawaru.
Okawaru was noncommittal.
You were not hungry.

You visited 1 branch You collected 327 gold pieces.

Inventory:

Hand Weapons
 a - a +0 flail (weapon)
Armour
 c - a +0 shield (worn)
 l - a +3 leather armour (worn)
Wands
 d - a wand of digging (10/24)
Scrolls
 k - a scroll of blinking
Potions
 e - a potion of curing
 i - 2 potions of magic
Comestibles
 f - a bread ration


   Skills:
 + Level 5.6 Fighting
 + Level 10.0 Maces & Flails
 - Level 3.2 Armour
 + Level 11.1 Shields


You had 6 spell levels left.
You didn't know any spells.

Dungeon Overview and Level Annotations

Branches:
Dungeon (1/1)

Altars:
Cheibriados
Dithmenos
Elyvilon
Fedhas
Gozag
Hepliaklqana
Kikubaaqudgha
Nemelex Xobeh
Okawaru
Qazlal
Ru
Sif Muna
Trog
Uskayaw
Vehumet
Wu Jian
Yredelemnul
Zin
The Shining One

Shops:
D ?

Annotations:
D Sonja


Innate Abilities, Weirdness & Mutations

You are resistant to torment.
Your stone body is resilient. (AC +4)
You are immune to poison.
You resist negative energy. (rN+)
You are resistant to electric shocks. (rElec)
You can survive without breathing.
You are immune to petrification.
You are immune to rotting.


Message History

You block the deep troll's attack.
You barely miss the deep troll.
The deep troll is moderately wounded.
The deep troll closely misses you. You block the deep troll's attack.
The deep troll barely misses you.
You barely miss the deep troll.
The deep troll is moderately wounded.
You block the deep troll's attack. The deep troll claws you.
* * * LOW HITPOINT WARNING * * *
The deep troll misses you.
You thump the deep troll!
The deep troll is heavily wounded.
The deep troll barely misses you. The deep troll misses you.
The deep troll closely misses you.
You hit the deep troll but do no damage.
The deep troll is heavily wounded.
The deep troll bites you but does no damage.
The deep troll claws you but does no damage.
The deep troll claws you.
You die...

#..#####'#####'#
#..####..#...#.#
#..#__####..##.#
#..#_____##'#_.+
#⌠⌠#_.∩...'.(._#
####_..__##_.#+#
#_____###'#
#########(####'###
+$.@T$$.$$'
#$($####### ##.##
#+#


You could see a deep troll.

Vanquished Creatures
  Sigmund (D)
  A yak (D)
  An ogre (D)
  A jelly (D)
  Ijyb (D)
5 creatures vanquished.

Notes
Turn   | Place    | Note
-------+----------+-------------------------------------------
     0 | D        | Ordine the Gargoyle Fighter began the quest for the Orb.
     0 | D        | Reached XP level 1. HP: 14/14 MP: 1/1
     2 | D        | Noticed Ijyb
    14 | D        | Killed Ijyb
    14 | D        | Reached skill level 5 in Shields
    14 | D        | Reached XP level 2. HP: 15/19 MP: 2/2
    14 | D        | Reached XP level 3. HP: 19/23 MP: 3/3
    52 | D        | Noticed an ogre
    56 | D        | Killed an ogre
    56 | D        | Reached skill level 7 in Shields
    56 | D        | Reached XP level 4. HP: 9/28 MP: 4/4
   265 | D        | Noticed Sigmund
   289 | D        | Killed Sigmund
   289 | D        | Reached skill level 10 in Shields
   289 | D        | Reached XP level 5. HP: 21/32 MP: 5/5
   289 | D        | Reached XP level 6. HP: 25/37 MP: 6/6
   398 | D        | Found a deep blue altar of Sif Muna.
   399 | D        | Found an ornate altar of the Wu Jian Council.
   400 | D        | Found a radiant altar of Vehumet.
   538 | D        | Found Joloz's Magic Scroll Emporium.
   538 | D        | Found an ancient bone altar of Kikubaaqudgha.
   538 | D        | Found a hazy altar of Hepliaklqana.
   538 | D        | Found a stormy altar of Qazlal.
   538 | D        | Found a hide-covered altar of Uskayaw.
   538 | D        | Found a blossoming altar of Fedhas.
   538 | D        | Found a bloodstained altar of Trog.
   538 | D        | Found an iron altar of Okawaru.
   538 | D        | Found a basalt altar of Yredelemnul.
   538 | D        | Found a glowing golden altar of the Shining One.
   538 | D        | Found a snail-covered altar of Cheibriados.
   538 | D        | Found a sacrificial altar of Ru.
   538 | D        | Found a glowing silver altar of Zin.
   538 | D        | Found a shadowy altar of Dithmenos.
   538 | D        | Found a white marble altar of Elyvilon.
   538 | D        | Noticed a yak
   544 | D        | Killed a yak
   544 | D        | Reached skill level 5 in Fighting
   544 | D        | Reached skill level 10 in Maces & Flails
   544 | D        | Reached skill level 11 in Shields
   544 | D        | Reached XP level 7. HP: 38/44 MP: 7/7
   578 | D        | Found an opulent altar of Gozag.
   579 | D        | Found a sparkling altar of Nemelex Xobeh.
   585 | D        | Became a worshipper of Warmaster Okawaru
   669 | D        | Noticed Sonja
   733 | D        | Noticed a deep troll
   743 | D        | HP: 1/44 [deep troll (3)]
   745 | D        | Slain by a deep troll

Vault maps used:
D:        dungeon_sprint_1

Skill      XL: |  1  2  3  4  5  6 |
---------------+-------------------+-----
Maces & Flails | 4 6 9 10 | 10.0
Shields        | 5 7 10 11 | 11.1
Fighting       | 5 |  5.6
Armour         | |  3.2

Action                   |  1- 3 |  4- 6 |  7- 9 || total
-------------------------+-------+-------+-------++-------
Melee: Flail             |    13 |    30 |    42 ||    85
  Use: Potion            |     1 |     2 |     1 ||     4
Armor: Scale mail        |     5 |       |       ||     5
       Leather armour    |       |     6 |    32 ||    38
Dodge: Dodged            |     4 |     5 |    30 ||    39
Block: Shield            |     2 |     6 |    34 ||    42

Table legend:
 A = Spawn XP
 B = Non-spawn XP
 C = Spawn XP percentage of total XP
 D = Spawn monster count
 E = Non-spawn monster count
 F = Spawn count percentage of total count
 G = Total turns spent on level
                    A         B        C        D         E        F      G
               +---------+---------+-------+---------+---------+-------+---------
         Total |       0 |     625 |   0.0 |       0 |       5 |   0.0 |   745
               +---------+---------+-------+---------+---------+-------+---------
             D |       0 |     625 |   0.0 |       0 |       5 |   0.0 |   745
               +---------+---------+-------+---------+---------+-------+---------
